General information
- name: BNet
- type: Ladder team game (AT/RT)
- host: Battle.net
- saver: bLinn
map: RiverOfSouls
- players: 6
- length: 21:17
- speed: Fast
- version: 1.21 W3XP
- replay type:

» download(136 KB)
Players
team 1 (winner)
BEAR_AND (
teal | 104 APM | 2208 actions | 21:16)
3 Archmage
2 Blizzard
1 Brilliance Aura
» actions
| Assign group hotkey | 9 | |
| Basic commands | 4 | |
| Build / train | 126 | |
| Enter build submenu | 61 | |
| Enter hero's abilities submenu | 3 | |
| Remove unit from queue | 1 | |
| Right click | 1354 | |
| Select / deselect | 290 | |
| Select group hotkey | 232 | |
| Use ability | 128 | |
2208 total
» units
| Peasant | 31 | |
| Sorceress | 2 | |
| Mortar Team | 7 | |
| Priest | 3 | |
43 total
» upgrades
| Masonry | 3 | |
| Lumber Harvesting | 2 | |
| Magic Sentry | 1 | |
| Sorceress Training | 1 | |
| Gunpowder | 3 | |
| Flare | 1 | |
| Fragmentation Shards | 1 | |
| Priest Training | 1 | |
| Armor | 1 | |
14 total
» buildings
| Farm | 8 | |
| Lumber Mill | 1 | |
| Altar of Kings | 1 | |
| Scout Tower | 51 | |
| Arcane Tower | 8 | |
| Guard Tower | 43 | |
| Keep | 1 | |
| Town Hall | 1 | |
| Arcane Sanctum | 1 | |
| Blacksmith | 1 | |
| Workshop | 2 | |
| Castle | 1 | |
| Arcane Vault | 1 | |
| Gryphon Aviary | 1 | |
121 total
» build order
00:10 Farm
00:16 Lumber Mill
00:26 Altar of Kings
00:50 Farm
01:18 Scout Tower
01:36 Scout Tower
01:42 Scout Tower
01:46 Arcane Tower
02:11 Guard Tower
02:11 Guard Tower
02:13 Scout Tower
02:17 Scout Tower
03:37 Scout Tower
03:38 Scout Tower
03:39 Scout Tower
03:39 Scout Tower
03:40 Scout Tower
03:41 Scout Tower
03:42 Scout Tower
03:52 Scout Tower
03:54 Scout Tower
04:03 Arcane Tower
04:03 Arcane Tower
04:04 Guard Tower
04:07 Guard Tower
04:07 Guard Tower
04:08 Guard Tower
04:08 Guard Tower
04:10 Guard Tower
04:10 Guard Tower
04:13 Guard Tower
04:13 Guard Tower
04:15 Scout Tower
04:20 Scout Tower
04:21 Scout Tower
04:25 Scout Tower
04:26 Scout Tower
04:37 Scout Tower
04:39 Scout Tower
04:43 Scout Tower
04:44 Scout Tower
04:48 Guard Tower
04:54 Arcane Tower
04:55 Guard Tower
05:11 Keep
05:28 Guard Tower
05:28 Guard Tower
05:32 Guard Tower
05:33 Guard Tower
05:33 Guard Tower
05:39 Arcane Tower
05:39 Arcane Tower
05:40 Arcane Tower
05:43 Scout Tower
06:24 Scout Tower
06:25 Scout Tower
06:29 Guard Tower
06:46 Town Hall
06:54 Guard Tower
06:55 Scout Tower
06:57 Scout Tower
07:00 Guard Tower
07:04 Guard Tower
07:04 Guard Tower
07:05 Guard Tower
07:05 Guard Tower
07:22 Guard Tower
07:22 Guard Tower
07:32 Scout Tower
07:32 Scout Tower
08:07 Guard Tower
08:15 Scout Tower
08:22 Guard Tower
08:26 Arcane Sanctum
08:32 Scout Tower
08:58 Guard Tower
09:00 Scout Tower
09:03 Scout Tower
09:17 Guard Tower
09:35 Guard Tower
10:11 Blacksmith
11:07 Guard Tower
11:09 Scout Tower
11:12 Scout Tower
11:13 Scout Tower
11:14 Scout Tower
11:30 Workshop
12:29 Guard Tower
12:32 Guard Tower
12:37 Castle
12:52 Arcane Vault
13:05 Guard Tower
13:07 Scout Tower
13:08 Scout Tower
13:08 Scout Tower
13:38 Farm
13:41 Farm
13:58 Guard Tower
15:17 Gryphon Aviary
15:32 Farm
16:53 Scout Tower
16:54 Scout Tower
16:55 Scout Tower
17:32 Farm
17:32 Farm
17:33 Farm
18:19 Guard Tower
18:31 Scout Tower
18:52 Workshop
19:02 Guard Tower
19:06 Scout Tower
19:07 Scout Tower
19:07 Scout Tower
19:34 Guard Tower
19:41 Guard Tower
19:42 Guard Tower
20:48 Scout Tower
20:50 Scout Tower
20:50 Scout Tower
» items
| Boots of Speed | 1 | |
| Staff of Teleportation | 1 | |
| Scroll of Town Portal | 2 | |
| Staff of Sanctuary | 1 | |
| Potion of Healing | 4 | |
9 total
bLinn (
blue | 106 APM | 2268 actions | 21:17)
6 Blademaster
3 Wind Walk
2 Critical Strike
1 Bladestorm
» actions
| Assign group hotkey | 133 | |
| Basic commands | 1 | |
| Build / train | 63 | |
| Enter build submenu | 38 | |
| Enter hero's abilities submenu | 6 | |
| Remove unit from queue | 5 | |
| Right click | 1387 | |
| Select / deselect | 161 | |
| Select group hotkey | 220 | |
| Use ability | 254 | |
2268 total
» units
» upgrades
| Spiked Barricades | 1 | |
| Liquid Fire | 1 | |
2 total
» buildings
| Altar of Storms | 1 | |
| Orc Burrow | 4 | |
| War Mill | 1 | |
| Watch Tower | 28 | |
| Stronghold | 2 | |
| Voodoo Lounge | 1 | |
| Fortress | 2 | |
| Beastiary | 2 | |
41 total
» build order
00:02 Altar of Storms
00:16 Orc Burrow
00:30 War Mill
01:37 Orc Burrow
02:01 Watch Tower
02:11 Watch Tower
02:51 Watch Tower
03:31 Watch Tower
03:32 Watch Tower
04:28 Stronghold
04:28 Stronghold
04:32 Watch Tower
04:33 Watch Tower
04:36 Watch Tower
04:40 Watch Tower
04:42 Watch Tower
04:46 Voodoo Lounge
05:40 Watch Tower
05:45 Watch Tower
05:49 Watch Tower
06:57 Watch Tower
06:59 Fortress
07:05 Watch Tower
07:06 Watch Tower
07:23 Watch Tower
08:01 Orc Burrow
08:05 Beastiary
08:07 Beastiary
09:00 Watch Tower
09:02 Watch Tower
09:03 Watch Tower
10:16 Watch Tower
10:18 Watch Tower
10:49 Watch Tower
10:50 Watch Tower
11:14 Orc Burrow
12:32 Watch Tower
12:32 Watch Tower
12:33 Watch Tower
12:34 Watch Tower
» items
| Boots of Speed | 1 | |
| Staff of Teleportation | 2 | |
| Dust of Appearance | 1 | |
| Potion of Invisibility | 1 | |
| Healing Salve | 1 | |
| Lesser Clarity Potion | 2 | |
| Orb of Lightning | 2 | |
| Scroll of Regeneration | 1 | |
11 total
DIRTMCWORDUP (
red | 71 APM | 1513 actions | 21:16)
4 Warden
2 Shadow Strike
2 Blink
4 Pandaren Brewmaster
2 Breath of Fire
2 Drunken Haze
» actions
| Assign group hotkey | 5 | |
| Basic commands | 36 | |
| Build / train | 55 | |
| ESC pressed | 3 | |
| Enter build submenu | 27 | |
| Enter hero's abilities submenu | 8 | |
| Give item / drop item | 5 | |
| Right click | 705 | |
| Select / deselect | 122 | |
| Select group hotkey | 455 | |
| Use ability | 91 | |
1513 total
» units
» upgrades
| Ultravision | 1 | |
| Well Spring | 1 | |
| Corrosive Breath | 1 | |
| Strength of the Wild | 2 | |
| Reinforced Hides | 1 | |
6 total
» buildings
| Altar of Elders | 1 | |
| Moon Well | 13 | |
| Tree of Life | 1 | |
| Tree of Ages | 1 | |
| Hunter's Hall | 1 | |
| Tree of Eternity | 1 | |
| Ancient of Wind | 1 | |
| Chimaera Roost | 6 | |
| Ancient of Wonders | 3 | |
28 total
» build order
00:07 Altar of Elders
00:18 Moon Well
01:43 Moon Well
02:55 Tree of Life
03:47 Moon Well
05:33 Tree of Ages
05:46 Moon Well
05:48 Moon Well
05:56 Moon Well
06:55 Moon Well
07:10 Hunter's Hall
07:50 Moon Well
07:52 Moon Well
07:57 Tree of Eternity
08:13 Ancient of Wind
09:27 Moon Well
09:28 Moon Well
09:33 Moon Well
10:22 Moon Well
10:45 Chimaera Roost
10:46 Chimaera Roost
10:47 Chimaera Roost
10:48 Chimaera Roost
10:49 Chimaera Roost
10:58 Chimaera Roost
12:26 Ancient of Wonders
12:26 Ancient of Wonders
12:29 Ancient of Wonders
» items
| Boots of Speed | 2 | |
| Staff of Teleportation | 2 | |
| Orb of Venom | 2 | |
| Staff of Preservation | 2 | |
8 total
team 2 (loser)
ravedave2008 (
purple | 53 APM | 1107 actions | 21:04)
2 Demon Hunter
1 Mana Burn
1 Evasion
1 Keeper of the Grove
1 Entangling Roots
» actions
| Assign group hotkey | 27 | |
| Build / train | 47 | |
| Enter build submenu | 10 | |
| Enter hero's abilities submenu | 3 | |
| Right click | 470 | |
| Select / deselect | 161 | |
| Select group hotkey | 312 | |
| Use ability | 77 | |
1107 total
» units
| Wisp | 17 | |
| Archer | 5 | |
| Dryad | 2 | |
| Druid of the Claw | 6 | |
| Glaive Thrower | 5 | |
35 total
» upgrades
| Improved Bows | 1 | |
| Abolish Magic | 1 | |
| Druid of the Claw Training | 2 | |
| Vorpal Blades | 1 | |
5 total
» buildings
| Altar of Elders | 1 | |
| Moon Well | 4 | |
| Ancient of War | 1 | |
| Tree of Ages | 1 | |
| Hunter's Hall | 1 | |
| Ancient of Lore | 2 | |
| Tree of Eternity | 1 | |
| Ancient of Wonders | 1 | |
12 total
» build order
00:06 Altar of Elders
00:19 Moon Well
00:45 Ancient of War
01:34 Moon Well
03:18 Tree of Ages
03:28 Moon Well
04:04 Hunter's Hall
05:46 Ancient of Lore
05:51 Ancient of Lore
07:14 Tree of Eternity
07:32 Ancient of Wonders
08:24 Moon Well
seppselott (
green | 43 APM | 902 actions | 21:06)
2 Blademaster
1 Wind Walk
1 Critical Strike
1 Shadow Hunter
1 Serpent Ward
» actions
| Assign group hotkey | 28 | |
| Basic commands | 4 | |
| Build / train | 54 | |
| Enter build submenu | 11 | |
| Enter hero's abilities submenu | 4 | |
| Right click | 317 | |
| Select / deselect | 207 | |
| Select group hotkey | 200 | |
| Use ability | 77 | |
902 total
» units
| Peon | 10 | |
| Grunt | 5 | |
| Demolisher | 9 | |
| Raider | 3 | |
| Spirit Walker | 2 | |
| Troll Batrider | 7 | |
36 total
» upgrades
| Ensnare | 1 | |
| Spirit Walker Training | 1 | |
| Burning Oil | 1 | |
3 total
» buildings
| Altar of Storms | 1 | |
| Orc Burrow | 5 | |
| Barracks | 1 | |
| Voodoo Lounge | 1 | |
| Stronghold | 1 | |
| War Mill | 1 | |
| Beastiary | 1 | |
| Spirit Lodge | 1 | |
| Fortress | 1 | |
13 total
» build order
00:09 Altar of Storms
00:21 Orc Burrow
00:51 Barracks
01:33 Orc Burrow
02:04 Voodoo Lounge
03:22 Stronghold
03:50 Orc Burrow
05:36 War Mill
06:39 Beastiary
06:48 Spirit Lodge
09:42 Orc Burrow
13:54 Fortress
14:00 Orc Burrow
» items
| Healing Salve | 2 | |
| Scroll of Speed | 2 | |
| Dust of Appearance | 1 | |
| Boots of Speed | 1 | |
| Potion of Healing | 2 | |
8 total
tomtom2008 (
pink | 44 APM | 927 actions | 21:15)
2 Archmage
1 Blizzard
1 Brilliance Aura
1 Blood Mage
1 Flame Strike
» actions
| Assign group hotkey | 39 | |
| Build / train | 39 | |
| Enter build submenu | 17 | |
| Enter hero's abilities submenu | 3 | |
| Right click | 516 | |
| Select / deselect | 186 | |
| Select group hotkey | 96 | |
| Use ability | 31 | |
927 total
» units
| Peasant | 8 | |
| Footman | 6 | |
| Gryphon Rider | 13 | |
27 total
» upgrades
| Lumber Harvesting | 1 | |
| Storm Hammers | 1 | |
2 total
» buildings
| Altar of Kings | 1 | |
| Barracks | 1 | |
| Farm | 6 | |
| Scout Tower | 3 | |
| Arcane Tower | 1 | |
| Keep | 1 | |
| Lumber Mill | 1 | |
| Guard Tower | 2 | |
| Castle | 1 | |
| Gryphon Aviary | 2 | |
19 total
» build order
00:09 Altar of Kings
00:26 Barracks
00:36 Farm
01:02 Farm
01:14 Scout Tower
02:05 Arcane Tower
02:41 Farm
02:46 Scout Tower
03:38 Keep
03:59 Lumber Mill
04:19 Farm
04:53 Scout Tower
05:30 Guard Tower
05:32 Guard Tower
05:36 Farm
07:13 Castle
08:18 Gryphon Aviary
08:21 Gryphon Aviary
09:46 Farm
Chat log
(00:16 / All) DIRTMCWORDUP: gary...................... on the kick drum.......................
(00:24 / All) DIRTMCWORDUP: come come.............with the kick drum.........
(00:53 / All) DIRTMCWORDUP: *talks a YUUUUUUUGE dump on u*
(07:06 / All) DIRTMCWORDUP: name 3 constellations
(07:10 / All) BEAR_AND: or u banned
(08:42 / All) DIRTMCWORDUP: *sucks and talks a dump on a sick*
(08:45 / All) DIRTMCWORDUP: dick**
(08:53 / All) DIRTMCWORDUP: "hey me likey =)"
(10:00 / All) BEAR_AND: rave dave
(10:01 / All) BEAR_AND: com on
(10:13 / All) DIRTMCWORDUP: u guys = teh suxer0ni
(10:29 / All) BEAR_AND: if u were a presedent
(10:34 / All) BEAR_AND: u are richard suxon
(10:48 / All) BEAR_AND: if u were constellation
(10:53 / All) BEAR_AND: ursux major
(12:00 / All) DIRTMCWORDUP: OWNED! and also u got pwned.
(12:06 / All) DIRTMCWORDUP: how it feel
(12:12 / All) DIRTMCWORDUP: do grab my steel........rod
(18:05 / All) ravedave2008: this is sooooo lame
(18:17 / All) DIRTMCWORDUP: NOT AS LAME AS THIS!!!
(18:17 / All) bLinn: so is ur grandmother but she in a whelechair
(19:56 / All) BEAR_AND: U stink
(20:02 / All) DIRTMCWORDUP: whew "smile shy"
(20:04 / All) bLinn: and u smell like 1 too
(20:09 / All) tomtom2008: well well
(20:15 / All) tomtom2008: strange tactic
(20:20 / All) tomtom2008: man
(21:01 / All) DIRTMCWORDUP: p[wnage in top secotr